 Dungeon Crawl Stone Soup version 0.29.1-2-gbd0b4ee654 (webtiles) character file.

Game seed: 8397012500830379186

28 qeuew the Poker (level 3, -9/28 HPs)
             Began as a Merfolk Gladiator on Nov 10, 2022.
             Killed from afar by Terence (19 damage)
             ... with a bolt of dispelling energy
             ... on level 2 of the Dungeon.
             The game lasted 00:02:26 (886 turns).

qeuew the Poker (Merfolk Gladiator)                  Turns: 886, Time: 00:02:27

Health: -9/28      AC:  4    Str: 16    XL:     3   Next: 12%
Magic:  3/3        EV: 13    Int:  7    God:
Gold:   75         SH:  6    Dex: 15    Spells: 2/2 levels left

rFire   . . .      SeeInvis .   a - +0 trident
rCold   . . .      Faith    .   j - +3 buckler
rNeg    . . .      Spirit   .   b - +0 leather armour
rPois   .          Reflect  .   c - +0 helmet
rElec   .          Harm     .   (no cloak)
rCorr   .          Rampage  .   (no gloves)
Will    .....                   (no boots)
Stlth   +.........              (no amulet)
HPRegen 0.09/turn               (no ring)
MPRegen 0.08/turn               (no ring)

@: no status effects
A: (nimble swimmer 2), mertail
a: no special abilities


You were on level 2 of the Dungeon.
You visited 1 branch of the dungeon, and saw 3 of its levels.

You collected 75 gold pieces.

Inventory:

Hand Weapons
 a - a +0 trident (weapon)
Missiles
 d - 2 throwing nets (quivered)
 e - a javelin
Armour
 b - a +0 leather armour (worn)
 c - a +0 helmet (worn)
 j - a +3 buckler (worn)
Potions
 i - a potion of flight


   Skills:
 + Level 2.5 Fighting
 + Level 4.3 Polearms
 + Level 2.3 Throwing
 + Level 0.5 Armour
 + Level 4.3 Dodging
 + Level 0.0 Shields


You had 2 spell levels left.
You didn't know any spells.
Your spell library was empty.

Dungeon Overview and Level Annotations

Branches:
Dungeon (3/15)

Altars:

Annotations:
D:2 Terence


Innate Abilities, Weirdness & Mutations

((You are very nimble when in or above water. (Stealth+, EV+, Speed+++)))
Your lower body shifts to a powerful aquatic tail in water.


Message History

The goblin is heavily wounded.
You block the goblin's attack.
You hit the goblin.
You kill the goblin!
Terence completely misses you.
You hit Terence but do no damage. Terence hits you but does no damage.
You closely miss Terence.
Terence zaps a wand.
The bolt of dispelling energy misses you.
You puncture Terence!
Terence is heavily wounded.
Terence hits you with a +0 mace!
You hit Terence but do no damage.
Terence is heavily wounded.
You block Terence's attack.
You hit Terence but do no damage.
Terence is heavily wounded.
Terence hits you with a +0 mace!
You are too injured to fight recklessly!
You are too injured to fight recklessly!
You are too injured to fight recklessly!
You are too injured to fight recklessly!
You are too injured to fight recklessly!
You are too injured to fight recklessly!
You are too injured to fight recklessly!
You are too injured to fight recklessly!
You are too injured to fight recklessly!
You are too injured to fight recklessly!
You are too injured to fight recklessly!
You are too injured to fight recklessly!
You are too injured to fight recklessly!
Throw: 3 throwing nets
Press: ? - help, Q - select action, (/) - cycle Shift-Dir - straight line, f - Terence
Aim: Terence, wielding a +0 mace, wearing a +0 scale mail and carrying a wand of quicksilver (8) (heavily wounded, 64% to hit)
You throw a throwing net. The throwing net hits Terence.
Terence is caught in the net!
Terence is heavily wounded.
Terence zaps a wand.
The bolt of dispelling energy hits you!!
Ouch! That really hurt!
You die...

### ##### ########
#.. ...# #.......
#.#####.###.###...
#.#.........##....
#@#.###.#######...
#@#.###.# ##.#
##.......# #.#
#........# #.#
#.##.###.# ##'# #.
#.# #.# ##... #.
#.# #.# ##.... #.
#.# ..# ##..... #.
#.#...####......
#........†......


You could see Terence (caught).

Vanquished Creatures
  2 endoplasms (D:1)
  3 giant cockroaches (D:1)
  A goblin (D:2)
  2 hobgoblins (D:1)
  2 kobolds (D:1)
  3 quokkas (D:1)
  A ball python (D:1)
  4 bats (D:1)
  2 frilled lizards (D:1)
  5 rats
25 creatures vanquished.

Notes
Turn   | Place    | Note
-------+----------+-------------------------------------------
     0 | D:1      | qeuew the Merfolk Gladiator began the quest for the Orb.
     0 | D:1      | Reached XP level 1. HP: 16/16 MP: 1/1
    65 | D:1      | Reached XP level 2. HP: 22/23 MP: 2/2
   183 | D:1      | Found a faded altar of an unknown god.
   551 | D:1      | Reached XP level 3. HP: 28/28 MP: 3/3
   732 | D:2      | You fall into a shaft and drop 1 floor!
   876 | D:2      | Noticed Terence
   886 | D:2      | Killed from afar by Terence

Illustrated notes

Levels and vault maps discovered:
D:1:      wheals_arrival_shading, layout_loops_cross,
          hellmonk_ecumenical_altar_crossroads
D:2:      layout_loops_corners, basic_altar, uniq_terence
D:3:      layout_basic, mainiacjoe_overflow_alcove_2, ebering_ghost_sewer_d

Action                   || total
-------------------------++-------
Melee: Trident           ||    86
       Punch             ||     2
Throw: Throwing net      ||     1
  Use: Scroll            ||     3
       Potion            ||     1
Armor: Leather armour    ||    17
Dodge: Dodged            ||    44
Block: Buckler           ||     6
